 Dungeon Crawl Stone Soup version 0.19.5 (webtiles) character file.

213 Jerry the Insei (level 5, -6/34 HPs)
             Began as an Octopode Transmuter on Apr 15, 2017.
             Killed by nerve-wracking pain
             ... invoked by Grinder
              (12 damage)
             ... on level 3 of the Dungeon.
             The game lasted 00:05:49 (2416 turns).

Jerry the Insei (Octopode Transmuter)               Turns: 2416, Time: 00:05:49

Health: -6/34      AC:  1    Str:  9    XL:     5   Next: 90%
Magic:  7/8        EV: 16    Int: 15    God:
Gold:   104        SH:  0    Dex: 14    Spells: 2 memorised, 6 levels left

rFire  . . .     SeeInvis .       - Unarmed
rCold  . . .     Gourm    .     (no shield)
rNeg   . . .     Faith    .     (helmet restricted)
rPois  .         Spirit   .     (no amulet)
rElec  .         Reflect  .     g - +2 ring of evasion
rCorr  .         Harm     .     (no ring)
MR     .....                    (no ring)
Stlth  +++.......               (no ring)
                                (no ring)
                                (no ring)
                                (no ring)
                                (no ring)

@: appendage (expiring)
A: almost no armour, stealthy swim, amphibious, 8 rings, constrict 8, tentacle
spike 3, camouflage 1, gelatinous body 1
a: End Transformation


You were on level 3 of the Dungeon.
You were not hungry.
One of your tentacles had a temporary spike.
You visited 1 branch of the dungeon, and saw 3 of its levels.

You collected 104 gold pieces.

Inventory:

Missiles
 a - 34 arrows
Jewellery
 g - a +2 ring of evasion (left tentacle)
Scrolls
 d - a scroll of blinking
 f - a scroll of fog {unknown}
 j - a scroll of teleportation {unknown}
 k - a scroll of recharging
 m - a scroll of amnesia {unknown}
 o - a scroll of identify {unknown}
Potions
 e - a potion of brilliance {unknown}
 h - 2 potions of curing
 i - a potion of magic {unknown}
 p - a potion of might {unknown}
Books
 b - a book of Changes

   Spells                             Type                      Level
   a - Beastly Appendage              Transmutation                1
   b - Sticks to Snakes               Transmutation                2
   c - Spider Form                    Transmutation/Poison         3
   d - Ice Form                       Ice/Transmutation            4
   e - Blade Hands                    Transmutation                5
Comestibles
 c - 3 bread rations
 l - 3 fruits
 n - 6 chunks of flesh


   Skills:
 + Level 2.2 Fighting
 + Level 2.7 Dodging
 + Level 2.7 Stealth
 * Level 4.2 Unarmed Combat
 + Level 2.5 Spellcasting
 + Level 3.0 Transmutations


You had 6 spell levels left.
You knew the following spells:

 Your Spells              Type           Power        Failure   Level  Hunger
a - Beastly Appendage     Tmut           ##....       8%          1    #......
b - Sticks to Snakes      Tmut           ##......     12%         2    ###....


Dungeon Overview and Level Annotations

Branches:
Dungeon (3/15)

Altars:

Annotations:
D:3 Grinder


Innate Abilities, Weirdness & Mutations

You cannot wear most types of armour.
You are very stealthy in the water. (Stealth+)
You are amphibious.
You can wear up to eight rings at the same time.
You can use your tentacles to constrict eight enemies at once.
Your skin changes colour to match your surroundings (Stealth+).
Your rubbery body absorbs attacks. (AC +1, EV +1)
One of your tentacles bears a large vicious spike.


Message History

You constrict Grinder. You tentacle-slap Grinder.
Your tentacle spike misses Grinder.
Grinder is heavily wounded.
You constrict Grinder.
Grinder drinks a potion.
Grinder is healed!
You tentacle-slap Grinder.
You pierce Grinder, but do no damage.
You squeeze Grinder.
Grinder is moderately wounded.
You constrict Grinder. Grinder hits you!
* * * LOW HITPOINT WARNING * * *
You writhe in agony.
* * * LOW HITPOINT WARNING * * *
It was a potion of curing.
You feel better.
You constrict Grinder. Grinder hits you.
* * * LOW HITPOINT WARNING * * *
You bludgeon Grinder!
Grinder is heavily wounded.
You constrict Grinder. Grinder gestures at you. Pain shoots through your body!
You die...

.......# #..........#
.......# #.....#.#.##
######## #.....#....# #
#..#..#..#.. #
#.###...###. #
#..#..#..#.. #
#..........# #
##############.##.######
# ......5@.......##.# #
#################.######
# #............... #
#.#######.###### # #.#
#.# # # #.# #.# # #.###
#.# # #...# #.######
####################.#
#.......


You could see Grinder.

Vanquished Creatures
  Sigmund (D:2)
  An adder (D:2)
  A worm (D:2)
  A dart slug (D:1)
  2 leopard geckos (D:2)
  3 ball pythons
  7 bats
  2 giant cockroaches (D:1)
  4 hobgoblins
  3 frilled lizards
  3 goblins
  7 kobolds
  10 rats
45 creatures vanquished.

Notes
Turn   | Place    | Note
-------+----------+-------------------------------------------
     0 | D:1      | Jerry the Octopode Transmuter began the quest for the Orb.
     0 | D:1      | Reached XP level 1. HP: 13/13 MP: 3/3
   166 | D:1      | Reached XP level 2. HP: 18/18 MP: 3/5
   406 | D:1      | Reached skill level 1 in Stealth
   835 | D:2      | Reached XP level 3. HP: 10/23 MP: 4/6
  1214 | D:2      | Noticed Sigmund
  1861 | D:2      | Killed Sigmund
  1861 | D:2      | Reached skill level 4 in Unarmed Combat
  1861 | D:2      | Reached XP level 4. HP: 11/29 MP: 7/7
  1861 | D:2      | Reached XP level 5. HP: 13/34 MP: 8/8
  2308 | D:3      | Learned a level 2 spell: Sticks to Snakes
  2401 | D:3      | Noticed Grinder
  2416 | D:3      | Killed from afar by Grinder

Skill      XL: |  1  2  3 |
---------------+----------+-----
Stealth        | 1 2 |  2.7
Fighting       | 2 |  2.2
Unarmed Combat | 4 |  4.2
Transmutations | 3 |  3.0
Dodging        | |  2.7
Spellcasting   | |  2.5

Action                   |  1- 3 |  4- 6 || total
-------------------------+-------+-------++-------
Melee: Unarmed           |    71 |    31 ||   102
       Constrict         |    17 |     9 ||    26
       Kick              |    14 |     1 ||    15
       Tentacles         |     9 |     6 ||    15
       Punch             |       |     1 ||     1
 Cast: Beastly Appendage |     9 |     1 ||    10
  Use: Scroll            |       |     2 ||     2
       Potion            |       |     1 ||     1
 Stab: Sleeping          |     5 |     3 ||     8
  Eat: Chunk             |     3 |     2 ||     5
Armor: Skin              |     4 |     3 ||     7
Dodge: Dodged            |    37 |    24 ||    61
